 Dungeon Crawl Stone Soup version 0.27-a0-1278-g6cbc8dfb29 (webtiles) character file.

Game seed: 8754151627761142414

123 bande the Shield-Bearer (level 5, -4/33 HPs)
             Began as a Gargoyle Fighter on June 12, 2021.
             Killed by divine providence
             ... invoked by an orc priest
              (16 damage)
             ... on level 3 of the Dungeon.
             The game lasted 00:03:22 (1916 turns).

bande the Shield-Bearer (Gargoyle Fighter)          Turns: 1916, Time: 00:03:23

Health: -4/33      AC: 14    Str: 20    XL:     5   Next: 7%
Magic:  5/5        EV:  5    Int:  8    God:
Gold:   914        SH: 10    Dex: 10    Spells: 4/4 levels left

rFire    . . .     SeeInvis .   f - +1 hand axe (flame)
rCold    . . .     Faith    .   c - +1 kite shield
rNeg     + . .     Spirit   .   i - +0 chain mail
rPois    ∞         Reflect  .   (no helmet)
rElec    +         Harm     .   (no cloak)
rCorr    .         Rampage  .   j - +0 pair of gloves
Will     .....                  (no boots)
Stlth    ..........             (no amulet)
HPRegen  0.11/turn              (no ring)
MPRegen  0.09/turn              (no ring)

@: no status effects
A: sickness immunity, AC +4, negative energy resistance 1, electricity
resistance, torment resistance 1, petrification resistance
a: no special abilities


You were on level 3 of the Dungeon.
You visited 1 branch of the dungeon, and saw 3 of its levels.

You collected 914 gold pieces.

Inventory:

Hand Weapons
 a - a +1 war axe
 f - a +1 hand axe of flaming (weapon)
Armour
 c - a +1 kite shield (worn)
 i - a +0 chain mail (worn)
 j - a +0 pair of gloves (worn)
Scrolls
 e - a scroll of enchant armour
 g - a scroll of blinking
 h - a scroll of magic mapping
Potions
 b - a potion of curing {unknown}
 d - a potion of might


   Skills:
 + Level 3.7 Fighting
 + Level 3.0 Axes
 + Level 3.8 Armour
 + Level 0.1 Dodging
 + Level 4.5 Shields


You had 4 spell levels left.
You didn't know any spells.
Your spell library was empty.

Dungeon Overview and Level Annotations

Branches:
Dungeon (3/15)

Altars:
Yredelemnul


Innate Abilities, Weirdness & Mutations

You are immune to sickness and miasma.
Your stone body is resilient. (AC +4)
You are immune to poison.
You resist negative energy. (rN+)
You are resistant to electric shocks. (rElec)
You are resistant to unholy torment.
You are immune to petrification.


Message History

The orc priest hits you but does no damage.
You hit the orc priest. You burn the orc priest.
The orc priest is severely wounded.
You hit the orc. You burn the orc.
You kill the orc!
The orc priest calls down the wrath of Beogh upon you.
Pain shoots through your body! You block the orc priest's attack.
Found an escape hatch in the ceiling.
Things that are here:
a +0 mace; an orc corpse You hit the orc priest but do no damage.
The orc priest is severely wounded.
You block the orc priest's attack.
The orc priest looks encouraged for a moment.
The orc priest hits you with a +0 flail!
You are too injured to fight recklessly!
You are too injured to fight recklessly!
You are too injured to fight recklessly!
You are too injured to fight recklessly!
You are too injured to fight recklessly!
You are too injured to fight recklessly!
You are too injured to fight recklessly!
You are too injured to fight recklessly!
You are too injured to fight recklessly!
Unknown command.
You hit the orc priest. You burn the orc priest.
You kill the orc priest!
You block the orc's attack.
Your Axes skill increases to level 3!
You have reached level 5!
You hit the orc. You burn the orc.
The orc is heavily wounded.
The orc hits you but does no damage.
You hit the orc. You burn the orc.
You kill the orc!
You barely miss the orc priest.
The orc priest mumbles some strange prayers to Beogh against you.
Beogh smites you!
You die...

#####
#######...####################
>.....'.......................
.######...####################
#...# #...# #...#
#.######...########### ###
.......'...'..@oo....< ...
..######...########### ##.
#...# ... ##### .# ♣ ♣ ♣ ♣ ♣


You could see an orc priest and an orc.

Vanquished Creatures
  An orc priest (D:3)
  2 gnolls (D:1)
  An adder (D:2)
  A worm (D:2)
  2 dart slugs (D:2)
  5 orcs
  3 ball pythons
  6 bats
  An endoplasm (D:1)
  6 giant cockroaches
  3 goblins
  2 hobgoblins
  3 jackals (D:1)
  2 quokkas
  2 frilled lizards (D:1)
  7 kobolds
  2 rats
49 creatures vanquished.

Notes
Turn   | Place    | Note
-------+----------+-------------------------------------------
     0 | D:1      | bande the Gargoyle Fighter began the quest for the Orb.
     0 | D:1      | Reached XP level 1. HP: 14/14 MP: 1/1
    57 | D:1      | Reached XP level 2. HP: 8/19 MP: 2/2
   344 | D:1      | Reached skill level 4 in Shields
   344 | D:1      | Reached XP level 3. HP: 14/23 MP: 3/3
   898 | D:1      | Identified a scroll of acquirement
   898 | D:1      | Acquired 783 gold pieces
  1239 | D:2      | Reached XP level 4. HP: 28/28 MP: 4/4
  1800 | D:3      | Found a basalt altar of Yredelemnul.
  1914 | D:3      | Reached XP level 5. HP: 12/33 MP: 5/5
  1916 | D:3      | Killed from afar by an orc priest

Illustrated notes

Levels and vault maps discovered:
D:1:      ncdulo_wetmaze, layout_rooms
D:2:      layout_basic, chequers_serial_rivers_small_3, grunt_ministairs_14,
          solitary_fountain
D:3:      layout_basic, kennysheep_ying_yang,
          ebering_ecumenical_altar_abandoned, serial_shops, shop

Skill      XL: |  1  2  3  4 |
---------------+-------------+-----
Axes           | 2 3 |  3.0
Shields        | 4 |  4.5
Fighting       | |  3.7
Armour         | |  3.8
Dodging        | |  0.1

Action                   |  1- 3 |  4- 6 || total
-------------------------+-------+-------++-------
Melee: War axe           |   108 |    27 ||   135
       Hand axe          |       |    22 ||    22
  Use: Scroll            |     7 |     1 ||     8
Armor: Scale mail        |    49 |       ||    49
       Chain mail        |    31 |    26 ||    57
Dodge: Dodged            |    50 |     3 ||    53
Block: Kite shield       |    72 |    37 ||   109

Table legend: (Time is in decaauts)
 A = Elapsed time spent in this place.
 B = Non-inter-level travel time spent in this place.
 C = Inter-level travel time spent in this place.
 D = Time resting spent in this place.
 E = Time spent auto-exploring this place.
 F = Levels seen in this place.
 G = Mean time per level.
                   A        B        C        D        E       F      G
               +--------+--------+--------+--------+--------+-----+--------+
         Total |   2015 |   2015 |      0 |    503 |   1046 |   3 |  671.7 |
       Dungeon |   2015 |   2015 |      0 |    503 |   1046 |   3 |  671.7 |
               +--------+--------+--------+--------+--------+-----+--------+

Top non-repeatable levels by time:
     D:1: 1080 daAuts
     D:2: 777 daAuts
     D:3: 158 daAuts
